 Dungeon Crawl Stone Soup version 0.23.1 (webtiles) character file.

Game seed: 0

209953 Irenicus the Severer (level 17, -13/145 HPs)
             Began as a Deep Dwarf Monk on Mar 10, 2019.
             Was the Champion of Makhleb.
             Blown up by an eye of devastation (54 damage)
             ... with a bolt of energy
             ... on level 4 of the Pits of Slime on Mar 11, 2019.
             The game lasted 02:07:36 (12452 turns).

Irenicus the Severer (Deep Dwarf Monk)             Turns: 12452, Time: 02:07:37

Health: -13/145    AC: -9    Str: 21    XL:     17   Next: 69%
Magic:  0/16       EV: 28    Int: 10    God:    Makhleb [******]
Gold:   1558       SH:  6    Dex: 20    Spells: 22/24 levels left

rFire    + + .     SeeInvis +   x - +9 hand axe "Emuucoem" {elec, +Blink rElec rF+ rC+}
rCold    + . .     Gourm    .   q - +0 buckler
rNeg     + . .     Faith    .   m - +3 leather armour {rPois}
rPois    +         Spirit   .   M - +2 helmet {SInv}
rElec    +         Reflect  .   r - +2 cloak
rCorr    +         Harm     .   O - +0 pair of gloves of the Comet {+Inv MR+} (curse)
MR       ++++.                  g - +2 pair of boots
Stlth    ++........             (no amulet)
HPRegen  0.00/turn              Y - ring of protection from magic {MR+, !d}
MPRegen  0.15/turn              y - ring of resist corrosion

@: mighty, corroded, non-regenerating, hasted (expiring), very quick
A: damage resistance, heal wounds, thin metallic scales 1, blurry vision 1,
dopey 1, fire resistance 1, frail 1, negative energy resistance 1, sense
surroundings 2, subdued magic 1, MP-powered wands, no regeneration
}: 2/15 runes: decaying, gossamer
a: Heal Wounds, Minor Destruction, Lesser Servant of Makhleb, Major Destruction,
Greater Servant of Makhleb, Renounce Religion, Evoke Blink, Evoke Invisibility


You were on level 4 of the Pits of Slime.
You worshipped Makhleb.
Makhleb was exalted by your worship.
You were near starving.

You visited 5 branches of the dungeon, and saw 28 of its levels.
You also visited: Bailey, Gauntlet and Volcano.

You collected 1558 gold pieces.

Inventory:

Hand Weapons
 l - a +1 war axe
   (You took it off an orc on level 5 of the Dungeon)
 x - the +9 hand axe "Emuucoem" (weapon) {elec, +Blink rElec rF+ rC+}
   (You took it off an orc warrior in a bailey)

   Occasionally, upon striking a foe, it will discharge some electrical energy
   and cause terrible harm.
   It protects you from fire.
   It protects you from cold.
   It insulates you from electricity.
   It lets you blink.
 T - a +0 battleaxe of flaming
   (You found it in a volcano)
 U - a +1 vampiric war axe {!w}
   (You found it on level 5 of the Lair of Beasts)
Armour
 b - a +0 ring mail of fire resistance
   (You found it on level 2 of the Dungeon)
 g - a +2 pair of boots (worn)
   (You found it on level 1 of the Dungeon)
 j - the +3 robe of Whack-A-Mole {+Inv rElec Regen+ Int+3}
   (You found it in a bailey)

   It affects your intelligence (+3).
   It insulates you from electricity.
   It lets you turn invisible.
   It increases your rate of regeneration.
 m - a +3 leather armour of poison resistance (worn)
   (You found it on level 6 of the Dungeon)
 q - a +0 buckler (worn)
   (You found it on level 3 of the Dungeon)
 r - a +2 cloak (worn)
   (You found it in a bailey)
 H - a +1 cloak of poison resistance
   (You took it off Nikola on level 1 of the Swamp)
 M - a +2 helmet of see invisible (worn)
   (You found it in a Gauntlet)
 O - the cursed +0 pair of gloves of the Comet (worn) {+Inv MR+}
   (You found it in a Gauntlet)

   It affects your resistance to hostile enchantments.
   It lets you turn invisible.
   It has a curse placed upon it.
Magical Staves
 E - an uncursed staff of earth
   (You found it on level 1 of the Swamp)
 P - an uncursed staff of energy {@w1+MP, hungerless spells, !d!a}
   (You found it in a Gauntlet)
 X - an uncursed staff of power {MP+17, !a}
   (You found it on level 6 of the Lair of Beasts)
Jewellery
 y - a ring of resist corrosion (right hand)
   (You found it on level 7 of the Dungeon)
 F - an uncursed ring of positive energy {rN+}
   (You found it on level 2 of the Lair of Beasts)
 L - an uncursed ring of protection from fire {rF+, !d}
   (You found it on level 4 of the Spider Nest)
 S - the ring "Bamul" {Int+3 SInv}
   (You found it on level 4 of the Swamp)

   [ring of see invisible]

   It affects your intelligence (+3).
   It lets you see invisible.
 Y - a ring of protection from magic (left hand) {MR+, !d}
   (You found it on level 6 of the Lair of Beasts)
 Z - an uncursed ring of flight {+Fly, !d}
   (You found it on level 2 of the Spider Nest)
Wands
 o - a wand of enslavement (5)
   (You found it on level 4 of the Dungeon)
 Q - a wand of acid (9)
   (You found it on level 2 of the Spider Nest)
Scrolls
 e - a scroll of magic mapping {!r}
 h - 4 scrolls of identify
 i - 11 scrolls of teleportation
 p - 9 scrolls of remove curse
 s - 4 scrolls of enchant weapon
 v - a scroll of immolation {!r}
 w - 2 scrolls of blinking {!r}
 B - 2 scrolls of silence
 N - 2 scrolls of fog
 W - a scroll of fear
Potions
 d - 2 potions of haste
 f - 2 potions of resistance
 k - 2 potions of flight
 n - 6 potions of curing
 t - 4 potions of mutation {!q}
 C - 5 potions of ambrosia
 D - a potion of brilliance
 G - 3 potions of lignification {!q}
Miscellaneous
 a - a phial of floods (inert)
   (You found it on level 3 of the Spider Nest)
 J - a lamp of fire (inert)
   (You found it on level 3 of the Lair of Beasts)
 V - a fan of gales (inert)
   (You found it on level 6 of the Lair of Beasts)
Comestibles
 c - 33 rations


   Skills:
 + Level 12.9 Fighting
 - Level 20.2 Axes
 - Level 3.0 Armour
 - Level 19.1 Dodging
 - Level 2.4 Stealth
 - Level 6.0 Shields
 - Level 4.0 Spellcasting
 - Level 6.3 Charms
 - Level 9.0 Evocations


You had 22 spell levels left.
You knew the following spells:

 Your Spells              Type           Power        Failure   Level  Hunger
S - Song of Slaying       Chrm           ##......     2%          2    ##.....

Your spell library contained the following spells:

 Spells                   Type           Power        Failure   Level  Hunger
 Infusion                 Chrm           ##..         1%          1    #......
 Shroud of Golubria       Chrm/Tloc      #.........   10%         2    ##.....
 Swiftness                Chrm/Air       #.......     10%         2    ##.....
 Spectral Weapon          Hex/Chrm       #.......     21%         3    ###....
 Corona                   Hex            #......      24%         1    #......
 Summon Butterflies       Summ           #.......     24%         1    #......
 Ensorcelled Hibernation  Hex/Ice        #.....       36%         2    ##.....
 Call Canine Familiar     Summ           #.......     61%         3    ###....
 Confuse                  Hex            #.......     61%         3    ###....
 Dazzling Spray           Conj/Hex       #.....       61%         3    ###....
 Ignite Poison            Fire/Tmut/Pois #.......     61%         3    ###....
 Stone Arrow              Conj/Erth      #.....       61%         3    ###....
 Tukima's Dance           Hex            #.......     61%         3    ###....
 Excruciating Wounds      Chrm/Necr      #.........   89%         5    ######.
 Summon Ice Beast         Ice/Summ       #.......     95%         4    #####..
 Fireball                 Conj/Fire      #.........   100%        5    ######.
 Summon Mana Viper        Hex/Summ       #.......     100%        5    ######.
 Bolt of Fire             Conj/Fire      #.........   100%        6    #######
 Statue Form              Tmut/Erth      #........    100%        6    #######
 Ring of Flames           Chrm/Fire      #.........   100%        7    #######
 Summon Hydra             Summ           #.........   100%        7    #######
 Ignition                 Fire           #.........   100%        8    #######
 Regeneration             Chrm/Necr      Unusable     N/A         3    N/A

Dungeon Overview and Level Annotations

Branches:
Dungeon (9/15)             Temple (0/1) D:5            Lair (6/6) D:9
  Swamp (4/4) Lair:4       Spider (4/4) Lair:2        Slime (5/5) Lair:5
    Orc (0/2) D:9

Altars:
Ashenzari
Dithmenos
Makhleb
Vehumet
Wu Jian

Shops:
D:9 *

Annotations:
D:8 2 transporters
Lair:1 3 runed translucent doors, Kairos's ghost, journeyman VSFi
Swamp:1 3 runed translucent doors, Kairos's ghost, journeyman VSFi
Slime:5 Royal Jelly


Innate Abilities, Weirdness & Mutations

You are resistant to damage.
You can heal yourself by infusing magical energy.
You resist negative energy. (rN+)
You passively map the area around you.
You do not regenerate.
You are partially covered in thin metallic scales. (AC +2)
Scrolls take you a little longer to read.
You are dopey. (Int -2)
Your flesh is heat resistant. (rF+)
You are frail. (-10% HP)
Your spells are a little easier to cast, but a little less powerful.
You expend magic power (3 MP) to strengthen your wands.


Message History

You barely miss the slime creature.
The slime creature quivers. x2
You hit the slime creature but do no damage. x2
Lightning courses through the slime creature!
You hit the large slime creature but do no damage.
You hit the slime creature.
You hit the slime creature but do no damage. x2
Lightning courses through the slime creature!
Two slime creatures merge to form a large slime creature.
You hit the slime creature.
Lightning courses through the slime creature!
You barely miss the slime creature.
You hit the slime creature but do no damage.
You hit the slime creature.
You hit the large slime creature but do no damage.
Lightning courses through the large slime creature!
You barely miss the slime creature.
You hit the slime creature but do no damage.
Two slime creatures merge to form a large slime creature.
The slime creature closely misses you.
Two slime creatures merge to form a very large slime creature.
The slime creature hits you. You block the slime creature's attack.
You take 3 damage, and have 45/145 hp.
You hit the slime creature but do no damage.
You hit the very large slime creature but do no damage.
Lightning courses through the very large slime creature!
You hit the slime creature.
Lightning courses through the slime creature!
You hit the slime creature but do no damage.
You hit the large slime creature but do no damage.
You hit the slime creature but do no damage.
Lightning courses through the slime creature!
You hit the slime creature but do no damage.
Lightning courses through the slime creature!
The slime creature barely misses you.
Two slime creatures merge to form a large slime creature. x2
The slime creature hits you!!
* * * LOW HITPOINT WARNING * * *
Two slime creatures merge to form a very large slime creature.
You take 20 damage, and have 25/145 hp.
Okay, then.
You feel very mighty all of a sudden. The slime creature hits you!!
* * * LOW HITPOINT WARNING * * *
The very large slime creature misses you.
The slime creature hits you!
* * * LOW HITPOINT WARNING * * *
You take 23 damage, and have 2/145 hp.
You feel much better.
Two slime creatures merge to form an enormous slime creature.
The large slime creature completely misses you.
Two slime creatures merge to form an enormous slime creature.
The slime creature misses you. The eye of draining gazes at you.
You feel your power leaking away.
Two slime creatures merge to form a very large slime creature.
You regained 23 hp, and now have 25/145 hp.
You now have 4/17 mp.
Okay, then.
Okay, then.
You blink.
You feel slightly more hungry.
An eye of draining comes into view.
You are splashed with acid.
You resist.
* * * LOW HITPOINT WARNING * * *
Two slime creatures merge to form a very large slime creature.
You take 1 damage, and have 24/145 hp.
You now have 3/17 mp.
An acid blob comes into view.
You are splashed with acid.
You resist.
* * * LOW HITPOINT WARNING * * *
The acid blob quivers.
Two slime creatures merge to form an enormous slime creature.
You take 2 damage, and have 22/145 hp.
The eye of draining turns its gaze towards you.
Your magical contamination has completely faded away.
Your magical essence is drained by the effort!
You feel much better.
An enormous slime creature splits.
You regained 29 hp, and now have 51/145 hp.
You are splashed with acid.
You resist.
A slime creature suddenly becomes a large slime creature.
The acid blob spits acid at you. The splash of acid hits you. You resist.
You are splashed with acid!
You resist.
* * * LOW HITPOINT WARNING * * *
You take 10 damage, and have 41/145 hp.
The eye of devastation turns its gaze towards you.
The eye of devastation gazes at you. The bolt of energy misses you.
Two slime creatures merge to form a large slime creature.
Okay, then.
The eye of draining gazes at you.
You feel your power leaking away.
You now have 0/16 mp.
You are splashed with acid.
You resist.
Two slime creatures merge to form a large slime creature.
The eye of devastation gazes at you. The bolt of energy misses you.
Your extra speed is starting to run out.
The eye of devastation gazes at you. The bolt of energy hits you!!!
You die...

*#... ....#...#...., ,, ,,
#.....#..............#...
#....#.#.#......>....#...#. ,
#.........#...................
,
......#................>......
,
.............G................
..#..###..#...................,
,
............J...........J.....,
......#......#..@...<...J.....
,
..#.....G.....#.<.............*
#.#.#....###.##..............#,
..#.J...## ###.....#..........
......J## #....#........... *,
..J..J## *...........##....
..#...# ..........<.# ....
......# ##.#....##.... ..# *
.J...## ** ....*...... ,


You could see an acid blob and an eye of devastation.

Vanquished Creatures
  Dissolution (Slime:3)
  Mara (Spider:4)
  Nikola (Swamp:1)
  Arachne (Spider:2)
  8 acid blobs
  5 azure jellies
  A ghost moth (Spider:4)
  4 emperor scorpions (Spider:4)
  3 entropy weavers
  A red draconian (Volcano)
  A minotaur (Gauntlet)
  4 spark wasps
  A death ooze (Slime:3)
  2 great orbs of eyes
  Harold (D:7)
  18 hydras
  2 catoblepae
  A centaur warrior (Volcano)
  A shambling mangrove (Swamp:4)
  8 alligators
  10 swamp dragons
  3 spriggan druids (Swamp:4)
  2 wizards (Gauntlet)
  4 lindwurms
  2 orc knights (Bailey)
  A necromancer (Gauntlet)
  20 orb spiders
  24 wolf spiders
  An orc sorcerer (Bailey)
  3 shining eyes
  A moth of wrath (Spider:4)
  2 oklob plants (Lair:3)
  20 elephants
  A black mamba (Lair:4)
  2 torpor snails
  A gargoyle (Gauntlet)
  A minotaur zombie (Gauntlet)
  22 spiny frogs
  A kobold demonologist (Bailey)
  8 komodo dragons
  13 demonic crawlers
  A yaktaur (Volcano)
  41 jumping spiders
  13 hornets
  56 slime creatures
  Grinder (D:4)
  9 tyrant leeches
  A polar bear (Lair:3)
  3 basilisks
  15 blink frogs (Lair:6)
  3 bog bodies
  8 hippogriffs
  3 spriggans (Swamp:4)
  26 tarantellas
  60 redbacks
  2 wyverns
  5 yaks (Lair:4)
  A hungry ghost (D:9)
  20 vampire mosquitoes
  4 swamp worms
  6 insubstantial wisps
  10 water moccasins
  7 swamp drakes (Swamp:4)
  A floating eye (Lair:3)
  6 orc warriors (Bailey)
  3 sky beasts
  4 porcupines
  5 eyes of draining
  An ice beast (D:7)
  A necrophage (D:5)
  An ogre (D:7)
  2 phantoms
  9 wolves
  9 centaurs
  9 crocodiles
  A big kobold (D:6)
  15 bullfrogs
  A water moccasin skeleton (D:9)
  5 killer bees (D:5)
  8 electric eels
  A howler monkey (D:9)
  4 jellies
  3 crimson imps
  2 centaur zombies
  2 bullfrog zombies
  A centaur skeleton (D:7)
  6 orc priests
  3 orc wizards
  5 iguanas
  A killer bee zombie (D:6)
  8 ogre zombies (D:9)
  10 adders
  11 gnolls
  5 shadow imps
  2 white imps (Gauntlet)
  An adder skeleton (D:4)
  A worm (D:2)
  2 dart slugs (D:2)
  5 leopard geckos
  28 orcs
  A ball python (D:4)
  10 bats
  4 giant cockroaches
  57 goblins
  31 hobgoblins
  4 jackals (D:2)
  5 quokkas
  4 frilled lizards
  4 goblin zombies (D:9)
  4 hobgoblin zombies (D:9)
  A jackal skeleton (D:6)
  10 kobolds
  A leopard gecko skeleton (D:4)
  A leopard gecko zombie (D:6)
  3 orc skeletons (D:9)
  14 orc zombies (D:9)
  5 rats
  3 fungi
  6 plants
852 creatures vanquished.

Vanquished Creatures (collateral kills)
  A hydra (Lair:6)
  An orb spider (Spider:2)
  A shining eye (Slime:1)
  A wolf spider (Spider:4)
  2 redbacks (Spider:3)
  A killer bee (D:5)
  3 goblins (D:6)
  A frilled lizard (D:5)
11 creatures vanquished.

Vanquished Creatures (others)
  A ghost moth (Spider:4)
  A hydra (Swamp:1)
  A wolf spider (Spider:2)
  2 demonic crawlers
  A jumping spider (Spider:3)
  A yak (D:9)
  A tarantella (Spider:2)
  5 redbacks
  A swamp worm (Swamp:1)
  An adder (D:5)
  An orc (D:5)
  3 fungi (Lair:6)
  42 plants (Lair:6)
61 creatures vanquished.

Grand Total: 924 creatures vanquished

Notes
Turn   | Place    | Note
-------+----------+-------------------------------------------
     0 | D:1      | Irenicus the Deep Dwarf Monk began the quest for the Orb.
     0 | D:1      | Reached XP level 1. HP: 20/20 MP: 1/1
   221 | D:1      | Reached skill level 4 in Axes
   221 | D:1      | Reached XP level 2. HP: 27/27 MP: 2/2
   333 | D:1      | HP: 3/27 [gnoll/+0 whip (5)]
   339 | D:1      | Reached XP level 3. HP: 9/33 MP: 3/3
   341 | D:1      | HP: 8/33 [hobgoblin/+0 club (1)]
   554 | D:2      | Reached skill level 5 in Axes
   652 | D:2      | Reached XP level 4. HP: 28/40 MP: 4/4
   858 | D:2      | Found a burning altar of Makhleb.
   878 | D:2      | Became a worshipper of Makhleb the Destroyer
   878 | D:2      | Reached * piety under Makhleb
   878 | D:2      | Reached ** piety under Makhleb
   956 | D:3      | Gained mutation: You expend magic power (3 MP) to
                  | strengthen your wands. [potion of mutation]
   956 | D:3      | Gained mutation: Your spells are a little easier to cast,
                  | but a little less powerful. [potion of mutation]
   956 | D:3      | Gained mutation: Your flesh is heat resistant. (rF+)
                  | [potion of mutation]
   956 | D:3      | Gained mutation: You are partially covered in thin metallic
                  | scales. (AC +2) [potion of mutation]
   961 | D:3      | Reached skill level 6 in Axes
  1223 | D:4      | Reached XP level 5. HP: 23/46 MP: 5/5
  1297 | D:4      | HP: 7/46 [iguana (7)]
  1359 | D:4      | Reached skill level 7 in Axes
  1423 | D:4      | Noticed Grinder
  1430 | D:4      | Paralysed by Grinder for 4 turns
  1462 | D:4      | Killed Grinder
  1462 | D:4      | Reached skill level 8 in Axes
  1462 | D:4      | Reached XP level 6. HP: 45/55 MP: 6/6
  1584 | D:4      | HP: 11/55 [iguana (7)]
  1592 | D:5      | Entered Level 5 of the Dungeon
  1626 | D:5      | HP: 7/55 [orc priest/divine providence (13)]
  1686 | D:5      | Found a staircase to the Ecumenical Temple.
  1716 | D:5      | Reached skill level 9 in Axes
  1716 | D:5      | Reached XP level 7. HP: 31/59 MP: 7/7
  1946 | D:5      | HP: 12/59 [orc priest/divine providence (14)]
  1948 | D:5      | HP: 5/59 [orc priest/divine providence (7)]
  1991 | D:5      | Found an ornate altar of the Wu Jian Council.
  1993 | D:5      | HP: 10/61 [orc warrior/+0 hand axe (9)]
  2027 | D:5      | HP: 14/61 [killer bee (1)]
  2032 | D:5      | Reached skill level 10 in Axes
  2051 | D:5      | HP: 15/61 [killer bee (4)]
  2086 | D:5      | Reached *** piety under Makhleb
  2093 | D:5      | Got a crude leather armour
  2119 | D:5      | Reached XP level 8. HP: 29/68 MP: 5/8
  2140 | D:5      | Identified the +1 leather armour "Jiugiosi" {Dex+2} (You
                  | found it on level 5 of the Dungeon)
  2244 | D:5      | Reached skill level 11 in Axes
  2340 | D:6      | HP: 16/68 [electric eel/bolt of electricity (8)]
  2345 | D:6      | HP: 16/68 [electric eel/bolt of electricity (10)]
  2541 | D:6      | Reached **** piety under Makhleb
  2546 | D:6      | Reached skill level 12 in Axes
  2767 | D:6      | Found a shattered altar of Ashenzari.
  2767 | D:6      | Found a shadowy altar of Dithmenos.
  2819 | D:6      | Gained mutation: You passively map the area around you.
                  | [Deep Dwarf growth]
  2819 | D:6      | Reached XP level 9. HP: 63/74 MP: 7/7
  2837 | D:6      | Reached skill level 13 in Axes
  2926 | D:7      | Found a radiant altar of Vehumet.
  3325 | D:8      | Reached ***** piety under Makhleb
  3364 | D:8      | Found a transporter.
  3372 | D:7      | Noticed Harold
  3394 | D:7      | Killed Harold
  3394 | D:7      | Reached skill level 14 in Axes
  3429 | D:8      | Noticed a kobold demonologist
  3437 | D:8      | Found a transporter.
  3678 | D:8      | Reached skill level 15 in Axes
  3690 | D:8      | Noticed a kobold demonologist
  3769 | D:9      | Found Axky's Assorted Antiques.
  3811 | D:9      | Noticed an elephant
  3812 | D:9      | Found a staircase to the Lair.
  3858 | D:9      | HP: 15/74 [elephant (13)]
  3889 | D:9      | Killed an elephant
  3889 | D:9      | Reached skill level 1 in Armour
  3889 | D:9      | Reached XP level 10. HP: 71/81 MP: 8/8
  3931 | D:9      | Reached skill level 2 in Armour
  3992 | D:9      | Found a staircase to the Orcish Mines.
  4048 | D:9      | Reached skill level 3 in Armour
  4057 | D:9      | Found a flagged portal.
  4064 | Bailey   | Entered a bailey
  4109 | Bailey   | Found an iron altar of Okawaru.
  4109 | Bailey   | Noticed an orc sorcerer
  4132 | Bailey   | Killed an orc sorcerer
  4210 | Bailey   | Reached skill level 1 in Evocations
  4241 | Bailey   | HP: 16/81 [orc warrior/+0 war axe (14)]
  4252 | Bailey   | Reached skill level 16 in Axes
  4277 | Bailey   | Identified the +9 hand axe "Emuucoem" {elec, +Blink rElec
                  | rF+ rC+}
  4299 | Bailey   | Got a shimmering robe
  4312 | Bailey   | Identified the +3 robe of Whack-A-Mole {+Inv rElec Regen+
                  | Int+3} (You found it in a bailey)
  4325 | Bailey   | Irenicus: ?? tree form
  4325 | Bailey   | beem: tree form[1/3]: Immobile form with -Tele, +50% HP, 20
                  | + XL/2 AC, minimal EV, rN+++, rPois, torment immunity, and
                  | gives +12 base UC damage. Unlike statue form, tree form
                  | does NOT give rot or poison immunity.
  4340 | Bailey   | Reached skill level 2 in Evocations
  4398 | Bailey   | Got a warped war axe
  4399 | Bailey   | Identified the +1 war axe "Hiqich" {chop, +Inv rC+ Int+2}
                  | (You found it in a bailey)
  4451 | Bailey   | Noticed an orc knight
  4466 | Bailey   | Killed an orc knight
  4466 | Bailey   | Reached skill level 3 in Fighting
  4466 | Bailey   | Reached skill level 4 in Dodging
  4466 | Bailey   | Reached skill level 3 in Evocations
  4527 | Bailey   | Noticed an orc knight
  4532 | Bailey   | HP: 16/84 [orc warrior/+0 war axe (12)]
  4539 | Bailey   | Killed an orc knight
  4539 | Bailey   | Reached skill level 5 in Dodging
  4652 | D:9      | Reached skill level 6 in Dodging
  4733 | Lair:1   | Entered Level 1 of the Lair of Beasts
  4784 | Lair:1   | Noticed a spiny frog
  4795 | Lair:1   | Killed a spiny frog
  4795 | Lair:1   | Reached skill level 7 in Dodging
  4795 | Lair:1   | Reached XP level 11. HP: 63/90 MP: 10/10
  4899 | Lair:1   | Found a runed translucent gate.
  4899 | Lair:1   | Found a runed translucent gate.
  4902 | Lair:1   | Found a runed translucent gate.
  4907 | Lair:1   | Noticed a minotaur
  4913 | Lair:1   | Got a crystal hunting sling
  4914 | Lair:1   | Identified the +7 hunting sling of Vicil {venom, *Drain
                  | Int+4 Dex+4} (You found it on level 1 of the Lair of
                  | Beasts)
  5021 | Lair:1   | Got a slimy spear
  5048 | Lair:1   | Learned a level 2 spell: Song of Slaying
  5066 | Lair:1   | Noticed Kairos's ghost (journeyman VSFi)
  5079 | Lair:2   | Reached skill level 8 in Dodging
  5154 | Lair:2   | Found a hole to the Spider Nest.
  5162 | Lair:2   | Reached ****** piety under Makhleb
  5162 | Lair:2   | Reached skill level 9 in Dodging
  5451 | Lair:3   | Noticed an oklob plant
  5455 | Lair:3   | Paralysed by a floating eye for 2 turns
  5463 | Lair:3   | Reached skill level 10 in Dodging
  5480 | Lair:3   | Reached skill level 11 in Dodging
  5488 | Lair:3   | Noticed a catoblepas
  5503 | Lair:3   | Killed a catoblepas
  5621 | Lair:3   | Noticed an oklob plant
  5633 | Lair:3   | Paralysed by a floating eye for 3 turns
  5637 | Lair:3   | Killed an oklob plant
  5637 | Lair:3   | Killed an oklob plant
  5637 | Lair:3   | Reached skill level 12 in Dodging
  5815 | Lair:4   | Reached skill level 4 in Fighting
  5889 | Lair:4   | Reached skill level 5 in Fighting
  5889 | Lair:4   | Reached XP level 12. HP: 103/103 MP: 11/11
  5982 | Lair:4   | Found a gate leading to a gauntlet.
  5995 | Gauntlet | Entered a Gauntlet
  5995 | Gauntlet | Found a transporter.
  5995 | Gauntlet | Found a transporter.
  5995 | Gauntlet | Found a transporter.
  5995 | Gauntlet | Noticed a catoblepas
  5996 | Gauntlet | Found a transporter.
  5999 | Gauntlet | Found a transporter.
  6000 | Gauntlet | Found a transporter.
  6023 | Gauntlet | Found a transporter.
  6025 | Gauntlet | Found a transporter.
  6025 | Gauntlet | Found a transporter.
  6025 | Gauntlet | Found a transporter.
  6035 | Gauntlet | Found a transporter.
  6035 | Gauntlet | Noticed a balrug
  6043 | Gauntlet | Found a transporter.
  6114 | Gauntlet | Killed a catoblepas
  6114 | Gauntlet | Reached skill level 6 in Fighting
  6184 | Gauntlet | Reached skill level 7 in Fighting
  6204 | Gauntlet | Got a pair of translucent gloves
  6210 | Gauntlet | Identified the cursed +0 pair of gloves of the Comet {+Inv
                  | MR+} (You found it in a Gauntlet)
  6216 | Gauntlet | Noticed a minotaur
  6234 | Gauntlet | HP: 20/109 [minotaur (16)]
  6235 | Gauntlet | Killed a minotaur
  6239 | Gauntlet | Identified the Incunabulum of the Mountains and Aid
  6257 | Gauntlet | HP: 20/110 [minotaur zombie (9)]
  6258 | Gauntlet | Reached skill level 8 in Fighting
  6275 | Lair:4   | Identified the +7 spear of Kismet {pierce, Dex+2} (You
                  | found it on level 1 of the Lair of Beasts)
  6347 | Lair:4   | Found a staircase to the Swamp.
  6411 | Lair:4   | HP: 27/110 [elephant (8)]
  6419 | Lair:4   | HP: 27/110 [elephant (4)]
  6424 | Lair:4   | Reached skill level 13 in Dodging
  6611 | Lair:5   | Noticed a four-headed hydra
  6622 | Lair:5   | Noticed a seven-headed hydra
  6624 | Lair:5   | Killed a five-headed hydra
  6624 | Lair:5   | Reached skill level 4 in Evocations
  6716 | Lair:5   | You fall through a shaft!
  6716 | Lair:6   | Entered Level 6 of the Lair of Beasts
  6724 | Lair:6   | Reached skill level 5 in Evocations
  6728 | Lair:6   | Reached skill level 6 in Evocations
  6735 | Lair:6   | Reached skill level 7 in Evocations
  6770 | Lair:5   | Found a dark tunnel.
  6778 | Volcano  | Entered a volcano
  6851 | Volcano  | Noticed a centaur warrior
  6864 | Volcano  | Killed a centaur warrior
  6864 | Volcano  | Reached skill level 8 in Evocations
  6893 | Volcano  | Noticed a red draconian
  6918 | Volcano  | Killed a red draconian
  6987 | Lair:5   | Reached skill level 9 in Evocations
  6987 | Lair:5   | Reached XP level 13. HP: 90/117 MP: 15/15
  7007 | Lair:5   | Reached skill level 1 in Spellcasting
  7010 | Lair:5   | Reached skill level 2 in Spellcasting
  7074 | Lair:5   | Found a staircase to the Slime Pits.
  7084 | Lair:5   | Reached skill level 3 in Spellcasting
  7265 | Lair:5   | Reached skill level 4 in Spellcasting
  7304 | Lair:5   | Reached skill level 1 in Charms
  7394 | Lair:6   | Reached skill level 2 in Charms
  7448 | Lair:6   | Reached skill level 3 in Charms
  7464 | Lair:6   | Reached skill level 4 in Charms
  7583 | Lair:6   | Reached skill level 5 in Charms
  7636 | Lair:6   | Reached skill level 6 in Charms
  7889 | Lair:6   | Reached skill level 17 in Axes
  8089 | Lair:2   | Gained mutation: You resist negative energy. (rN+) [Deep
                  | Dwarf growth]
  8089 | Lair:2   | Reached XP level 14. HP: 126/126 MP: 13/16
  8124 | Spider:1 | Entered Level 1 of the Spider Nest
  8220 | Spider:2 | Noticed an entropy weaver
  8413 | Spider:3 | Reached skill level 18 in Axes
  8464 | Spider:2 | Reached skill level 1 in Shields
  8492 | Spider:2 | Reached skill level 2 in Shields
  8517 | Spider:3 | Reached skill level 3 in Shields
  8563 | Spider:3 | Reached skill level 4 in Shields
  8612 | Spider:3 | Reached skill level 5 in Shields
  8675 | Spider:3 | Reached skill level 6 in Shields
  8687 | Spider:3 | Identified the cursed +1 chain mail of the Kangaroo {rN+
                  | Int+3} (You found it on level 3 of the Spider Nest)
  8803 | Spider:3 | Noticed an entropy weaver
  8817 | Spider:3 | Killed an entropy weaver
  8865 | Spider:3 | Reached skill level 14 in Dodging
  8879 | Spider:3 | Noticed an entropy weaver
  8906 | Spider:3 | HP: 29/126 [entropy weaver (4)]
  8907 | Spider:3 | HP: 13/126 [wolf spider (13)]
  8911 | Spider:3 | Killed an entropy weaver
  9117 | Spider:3 | Reached skill level 15 in Dodging
  9138 | Spider:4 | Entered Level 4 of the Spider Nest
  9174 | Spider:4 | Noticed an emperor scorpion
  9174 | Spider:4 | HP: 30/126 [disintegration (26)]
  9185 | Spider:4 | HP: 24/126 [wolf spider (10)]
  9192 | Spider:4 | HP: 42/189 [demonic crawler (2)]
  9209 | Spider:4 | Killed an emperor scorpion
  9209 | Spider:4 | Reached XP level 15. HP: 132/132 MP: 14/16
  9212 | Spider:4 | Noticed Mara
  9216 | Spider:4 | Noticed a ghost moth
  9218 | Spider:4 | Noticed a ghost moth
  9224 | Spider:4 | Killed Mara
  9224 | Spider:4 | Reached skill level 16 in Dodging
  9247 | Spider:4 | HP: 29/132 [tarantella (11)]
  9254 | Spider:4 | Killed a ghost moth
  9266 | Spider:4 | Killed a ghost moth
  9279 | Spider:4 | Reached skill level 17 in Dodging
  9601 | Spider:4 | Got a gossamer rune of Zot
  9878 | Spider:2 | Noticed Arachne
  9915 | Spider:2 | Killed Arachne
  9915 | Spider:2 | Reached skill level 18 in Dodging
 10089 | Spider:2 | HP: 18/132 [disintegration (41)]
 10403 | Spider:1 | Reached XP level 16. HP: 126/140 MP: 17/17
 10597 | Spider:1 | Reached skill level 19 in Dodging
 10724 | Swamp:1  | Entered Level 1 of the Swamp
 10955 | Swamp:1  | Found a runed translucent gate.
 10955 | Swamp:1  | Found a runed translucent gate.
 10955 | Swamp:1  | Found a runed translucent gate.
 10955 | Swamp:1  | Noticed Kairos's ghost (journeyman VSFi)
 10955 | Swamp:1  | Noticed Nikola
 10980 | Swamp:1  | Killed Nikola
 11062 | Swamp:4  | Entered Level 4 of the Swamp
 11218 | Swamp:4  | Reached skill level 19 in Axes
 11228 | Swamp:4  | Got a coiled iron ring
 11230 | Swamp:4  | Identified the ring "Bamul" {Int+3 SInv} (You found it on
                  | level 4 of the Swamp)
 11275 | Swamp:4  | HP: 16/140 [lindwurm (24)]
 11280 | Swamp:4  | HP: 30/140 [spriggan rider/+0 spear (7)]
 11285 | Swamp:4  | HP: 30/140 [shambling mangrove (10)]
 11390 | Swamp:4  | Reached skill level 20 in Axes
 11454 | Swamp:4  | Got a decaying rune of Zot
 11729 | Slime:1  | Entered Level 1 of the Pits of Slime
 11750 | Slime:1  | Noticed an acid blob
 11777 | Slime:1  | HP: 27/141 [azure jelly (13)]
 11778 | Slime:1  | Killed an acid blob
 11782 | Slime:1  | Reached skill level 9 in Fighting
 11782 | Slime:1  | Noticed an acid blob
 11791 | Slime:1  | Gained mutation: Scrolls take you a little longer to read.
                  | [a shining eye]
 11793 | Slime:1  | Gained mutation: You are frail. (-10% HP) [a shining eye]
 11802 | Slime:1  | Killed an acid blob
 11802 | Slime:1  | Reached XP level 17. HP: 135/135 MP: 1/17
 11861 | Slime:3  | Noticed Dissolution
 11888 | Slime:2  | Gained mutation: You are dopey. (Int -2) [a shining eye]
 11902 | Slime:3  | Noticed an acid blob
 11916 | Slime:3  | Killed an acid blob
 11916 | Slime:3  | Reached skill level 10 in Fighting
 11927 | Slime:3  | Irenicus: ?? dissolution
 11927 | Slime:3  | beem: dissolution[1/3]: A sentient, unique jelly who used
                  | to be human (a long time ago). Burrows like a boring
                  | beetle. If you hear a "sizzling sound", that's him digging
                  | through rock. Summons eyes, so treat with great care.
 11950 | Slime:3  | Killed Dissolution
 11950 | Slime:3  | Reached skill level 11 in Fighting
 11958 | Slime:3  | HP: 34/141 [azure jelly (17)]
 11968 | Slime:3  | Noticed an acid blob
 11986 | Slime:3  | HP: 34/141 [acid (4)]
 11991 | Slime:3  | Killed an acid blob
 12002 | Slime:2  | Noticed an acid blob
 12004 | Slime:2  | Noticed an acid blob
 12010 | Slime:1  | HP: 34/141 [slime creature (9)]
 12064 | Slime:2  | Killed an acid blob
 12064 | Slime:2  | Reached skill level 12 in Fighting
 12146 | Slime:4  | Noticed an acid blob
 12148 | Slime:4  | Noticed an acid blob
 12220 | Slime:3  | Noticed an acid blob
 12244 | Slime:3  | Killed an acid blob
 12245 | Slime:3  | Noticed an acid blob
 12256 | Slime:3  | Killed an acid blob
 12297 | Slime:5  | Entered Level 5 of the Pits of Slime
 12359 | Slime:5  | Noticed an acid blob
 12362 | Slime:5  | Noticed an acid blob
 12373 | Slime:5  | Killed an acid blob
 12379 | Slime:5  | Noticed the Royal Jelly
 12382 | Slime:5  | HP: 35/145 [the Royal Jelly (23)]
 12384 | Slime:5  | HP: 1/145 [the Royal Jelly (18)]
 12392 | Slime:5  | Noticed an acid blob
 12399 | Slime:5  | Noticed an acid blob
 12407 | Slime:5  | HP: 33/145 [acid[the Royal Jelly] (4)]
 12411 | Slime:4  | Noticed an acid blob
 12418 | Slime:4  | Noticed an acid blob
 12423 | Slime:4  | HP: 32/145 [acid blob/splash of acid (1)]
 12429 | Slime:4  | HP: 34/145 [acid blob/splash of acid (3)]
 12434 | Slime:4  | HP: 25/145 [slime creature (20)]
 12435 | Slime:4  | HP: 7/145 [slime creature (18)]
 12435 | Slime:4  | HP: 2/145 [slime creature (5)]
 12440 | Slime:4  | Noticed an acid blob
 12440 | Slime:4  | HP: 22/145 [acid (2)]
 12452 | Slime:4  | Blown up by an eye of devastation

Skill      XL: |  1  2  3  4  5  6  7  8  9 10 11 12 13 14 15 16 17 |
---------------+----------------------------------------------------+-----
Axes           | 4 5 6 8 9 10 12 15 16 17 18 20 | 20.2
Armour         | 1 3 |  3.0
Evocations     | 3 9 |  9.0
Fighting       | 3 5 8 9 12 | 12.9
Dodging        | 7 12 13 15 18 19 | 19.1
Spellcasting   | 4 |  4.0
Charms         | 6 |  6.3
Shields        | 6 |  6.0
Stealth        | |  2.4

Action                   |  1- 3 |  4- 6 |  7- 9 | 10-12 | 13-15 | 16-18 || total
-------------------------+-------+-------+-------+-------+-------+-------++-------
Melee: Hand axe          |   109 |   227 |       |   404 |  1041 |   581 ||  2362
       War axe           |       |     6 |   464 |   153 |       |       ||   623
       Battleaxe         |       |       |       |       |       |   167 ||   167
Throw: Throwing net      |       |       |     3 |       |       |       ||     3
 Cast: Song of Slaying   |       |       |       |       |     4 |       ||     4
 Abil: Heal Wounds       |     1 |     2 |     9 |     3 |     1 |     8 ||    24
       Evoke Blink       |       |       |       |       |       |     1 ||     1
Evoke: Wand              |       |       |    13 |    26 |    49 |     1 ||    89
       Lamp of fire      |       |       |       |     2 |     5 |     3 ||    10
       Phial of floods   |       |       |       |       |     4 |     4 ||     8
       Fan of gales      |       |       |       |       |     2 |     1 ||     3
  Use: Potion            |     1 |     6 |     1 |     7 |     5 |     5 ||    25
       Scroll            |       |     5 |     8 |     8 |     6 |    13 ||    40
 Stab: Sleeping          |     1 |     1 |     6 |     6 |     3 |     3 ||    20
       Betrayed ally     |       |       |     1 |     1 |       |       ||     2
       Held in net/web   |       |       |     4 |       |       |       ||     4
       Invisible         |       |       |       |     3 |       |    47 ||    50
       Distracted        |       |       |       |     2 |     1 |       ||     3
       Paralysed         |       |       |       |       |     9 |       ||     9
  Eat: Chunk             |       |     2 |     8 |    14 |    10 |     3 ||    37
       Ration            |       |       |       |       |     2 |     1 ||     3
Armor: Robe              |    21 |       |       |       |       |       ||    21
       Leather armour    |     1 |       |   150 |   118 |   303 |   202 ||   774
       Ring mail         |       |    87 |    15 |       |       |       ||   102
       Skin              |       |       |       |     5 |       |       ||     5
Dodge: Dodged            |    90 |   138 |   356 |   348 |  1279 |  1006 ||  3217
Block: Buckler           |       |       |       |       |   222 |    43 ||   265

Levels and vault maps discovered:
D:1:      wander_arrival_estate, layout_basic, serial_forest,
          infiniplex_forest_straight_2, infiniplex_forest_clump_tiny,
          infiniplex_forest_straight_5, infiniplex_forest_end_double,
          infiniplex_forest_clump_large, infiniplex_forest_straight_4,
          infiniplex_forest_clump_curved, infiniplex_forest_corner_1,
          infiniplex_forest_clump_medium, st_stairs_10, dk_noncrumbling_3,
          minmay_close_crescents
D:2:      layout_basic, lemuel_doored_altar, first_ration,
          chequers_ecumenical_altar_twisty, chequers_serial_rivers_room_a,
          minmay_misc_feat_four_crosses
D:3:      layout_basic
D:4:      layout_basic, uniq_grinder
D:5:      layout_cave_pods, minitemple, marbit_many_paths,
          minmay_temple_entry_mist
D:6:      minmay_goblin_kobold_castle, layout_basic,
          gammafunk_temple_overflow_elements, nicolae_underground_beach
D:7:      minmay_evil_eye, layout_loops_ring, vehumet_altar_wand_db, uniq_harold
D:8:      gammafunk_wand_slinger, layout_cave_pools
D:9:      layout_loops_ring, david_lair_generic, zombieorc2_lemuel,
          enter_bailey_3, serial_shops, shop, serial_bayou_lake_a
Lair:1:   layout_hall_layers, maelrawn_ghost_gauntlet_escape
Lair:2:   layout_chaotic_city, nicolae_spider_entry_tight_spaces
Lair:3:   layout_gridlike, disabler_island, grunt_megastairs_3
Lair:4:   layout_cave_pods, minmay_swamp_entry_wisps, gauntlet_entry_generic
Lair:5:   layout_layer_cave, minmay_slime_entry_pillars,
          nicolae_volcano_entry_lava_flow, columned_hall_lemuel, uniq_kirke
Lair:6:   minmay_lair_end_frog_pond, layout_regular_city
Swamp:1:  layout_falls_marsh, ebering_ghost_rock_garden,
          nicolae_swamp_little_tower, uniq_nikola, uniq_louise
Swamp:2:  layout_basic_swamp, infiniplex_staircase_pool_2
Swamp:3:  layout_basic_swamp, evilmike_swamp_ruin_house_6
Swamp:4:  swamp_alternative, layout_basic_swamp
Spider:1: layout_spider_delve
Spider:2: layout_spider_delve, uniq_arachne
Spider:3: layout_spider_delve
Spider:4: guppyfry_spider_rune, uniq_mara
Slime:1:  layout_caves
Slime:2:  layout_caves
Slime:3:  layout_caves, uniq_dissolution
Slime:4:  layout_caves, nicolae_slime_barrier
Slime:5
Bailey:   bailey_axe_of_yendor_kennysheep, bailey
Volcano:  volcano_pools
Gauntlet: gammafunk_gauntlet_hard_choice [gammafunk_gauntlet_arena_spirals,
          gammafunk_gauntlet_arena_grid, nicolae_gauntlet_swirl,
          nicolae_gauntlet_arena_quarters, gammafunk_gauntlet_arena_corners,
          gammafunk_gauntlet_arena_split_x, gauntlet_exit_hidden_loot]

Table legend:
 A = Turns spent in this place as a percentage of turns spent in the entire game.
 B = Non-inter-level travel turns spent in this place as a percentage of non-inter-level travel turns spent in the entire game.
 C = Inter-level travel turns spent in this place as a percentage of turns spent in this place.
 D = Turns resting spent in this place as a percentage of non-inter-level travel turns spent in this place.
 E = Turns spent auto-exploring this place as a percentage of non-inter-level travel turns spent in this place.
 F = Non-inter-level travel turns spent in this place divided by the number of levels of this place that you've seen.
                   A       B       C       D       E      F
               +-------+-------+-------+-------+-------+----------------------
         Total | 100.0 | 100.0 |   0.0 |   0.1 |   0.0 | 401.7
       Dungeon |  33.8 |  33.8 |   0.0 |   0.0 |   0.0 | 467.2
          Lair |  24.7 |  24.7 |   0.0 |   0.0 |   0.0 | 511.8
         Swamp |   7.2 |   7.2 |   0.0 |   0.0 |   0.0 | 224.2
   Spider Nest |  20.6 |  20.6 |   0.0 |   0.0 |   0.0 | 640.2
    Slime Pits |   5.8 |   5.8 |   0.0 |   0.0 |   0.0 | 144.6
        Bailey |   4.2 |   4.2 |   0.0 |   2.7 |   0.0 | 528.0
       Volcano |   1.5 |   1.5 |   0.0 |   0.0 |   0.0 | 188.0
      Gauntlet |   2.2 |   2.2 |   0.0 |   0.0 |   0.0 | 279.0
               +-------+-------+-------+-------+-------+----------------------

Table legend:
 A = Kills in this place as a percentage of kills in entire the game.
 B = Kills by you in this place as a percentage of kills by you in the entire game.
 C = Kills by friends in this place as a percentage of kills by friends in the entire game.
 D = Other kills in this place as a percentage of other kills in the entire game.
 E = Experience gained in this place as a percentage of experience gained in the entire game.
 F = Experience gained in this place divided by the number of levels of this place that you have seen.
                   A       B       C       D       E      F
               +-------+-------+-------+-------+-------+----------------------
         Total | 100.0 | 100.0 | 100.0 | 100.0 | 100.0 | 8625.3
       Dungeon |  30.3 |  30.5 |  45.5 |   0.0 |   2.8 | 821.1
          Lair |  17.9 |  18.3 |   9.1 |   0.0 |  17.5 | 7804.3
         Swamp |  10.3 |  10.4 |   0.0 |  10.0 |  17.0 | 11336.0
   Spider Nest |  24.8 |  23.8 |  36.4 |  90.0 |  35.0 | 23367.0
    Slime Pits |   9.1 |   9.3 |   9.1 |   0.0 |  23.5 | 12565.0
        Bailey |   5.0 |   5.1 |   0.0 |   0.0 |   1.2 | 3164.0
       Volcano |   0.8 |   0.8 |   0.0 |   0.0 |   1.1 | 3036.0
      Gauntlet |   1.7 |   1.8 |   0.0 |   0.0 |   2.0 | 5331.0
               +-------+-------+-------+-------+-------+----------------------
